AoeStats
← Toutah

Arabia

510373008Analyzed
1v1 RM · 18h ago on Sep 30, 2026· 26m 40s· 2 players
Game mode
Random Map
Map size
Tiny (2 player)
Population
200
Speed
Normal
Resources
Standard
Victory
Conquest
Starting age
Dark Age
Ending age
Imperial Age
RankedLock teamsTeams togetherTeam positionsShared explorationLock speedFull tech treeHidden civsTurbo modeCheats
Victory
Defeat
🇫🇷 Britons · France
945
+14
🇯🇴 Maya · Jordan
909
-40
Toutah
6:42 Loom
21:03 Feudal Age
Seb
7:44 Loom
10:13 Feudal Age
10:31 Man-at-Arms
11:37 Double-Bit Axe
19:47 Castle Age
18:10 Padded Archer Armor
18:04 Fletching
20:03 Crossbowman
20:46 Padded Archer Armor
23:14 Bodkin Arrow
Connection lost

Rejoining the realm…

Still unreachable

The connection could not be restored.

Session expired

The server has moved on; the page needs a fresh start.